 Dungeon Crawl Stone Soup version 0.31.0-32-g396128a36d (webtiles) character file.

Game seed: 7162078868431068471

15033 Jinxxer the Thaumaturge (level 11, -5/78 HPs)
             Began as a Demonspawn Ice Elementalist on Apr 5, 2024.
             Was a Priest of Qazlal.
             Slain by a troll (9 damage)
             ... led by an orc knight
             ... on level 1 of the Orcish Mines.
             The game lasted 01:03:39 (11639 turns).

Jinxxer the Thaumaturge (DsIE)                     Turns: 11639, Time: 01:03:40

Health: -5/78      AC:  5    Str:  9    XL:     11   Next: 96%
Magic:  16/23      EV: 13    Int: 24    God:    Qazlal [***...]
Gold:   937        SH:  4    Dex: 13    Spells: 9/26 levels left

rFire   . . .        n - +5 scythe (freeze)
rCold   . . .        (shield currently unavailable)
rNeg    . . .        x - +0 troll leather armour
rPois   .            a - +2 hat
rElec   .            k - scarf {repulsion}
rCorr   .            (no gloves)
SInv    .            (no boots)
Will    .....        B - amulet of faith
Stlth   +            Q - ring of wizardry
HPRegen 1.13/turn    (no ring)
MPRegen 0.18/turn

%: repel missiles, faith, wizardry (x1)
@: no status effects
A: antennae 1, ignite blood 2, spiny 1, big brain 2
a: Renounce Religion, Upheaval, Elemental Force


You were on level 1 of the Orcish Mines.
You worshipped Qazlal.
Qazlal was most pleased with you.
You visited 2 branches of the dungeon, and saw 11 of its levels.
You also visited: Sewer and Ossuary.

You collected 937 gold pieces.

Inventory:

Hand Weapons
 n - a +5 scythe of freezing (weapon)
 r - a +1 vampiric dagger
 O - the +10 hand axe of Turmoil {antimagic, rC+ Stlth+}
   (You found it on level 7 of the Dungeon)

   rC+:       It protects you from cold.
   Stlth+:    It makes you more stealthy.
Missiles
 h - 47 poisoned darts (quivered)
 p - 8 boomerangs
 z - a throwing net
Armour
 a - a +2 hat (worn)
 k - a scarf of repulsion (worn)
 x - a +0 troll leather armour (worn)
 F - a +2 robe of fire resistance
 R - a +2 robe of positive energy
Magical Staves
 v - a staff of cold
Jewellery
 B - an amulet of faith (around neck)
 Q - a ring of wizardry (left hand)
Wands
 u - a wand of iceblast (6)
 I - a wand of mindburst (14)
Scrolls
 m - 5 scrolls of teleportation
 s - a scroll of silence {unknown}
 w - 2 scrolls of torment
 y - a scroll of fear {unknown}
 A - a scroll of vulnerability {unknown}
 C - a scroll of poison {unknown}
 D - 2 scrolls of enchant armour {unknown}
 E - 3 scrolls of immolation {unknown}
 G - 2 scrolls of noise {unknown}
 M - 4 scrolls of fog {unknown}
 N - 2 scrolls of amnesia {unknown}
Potions
 b - 4 potions of magic
 c - 12 potions of curing
 e - 2 potions of lignification
 f - 4 potions of mutation
 g - 2 potions of attraction {unknown}
 i - 4 potions of haste
 j - a potion of brilliance {unknown}
 l - a potion of berserk rage {unknown}
 q - a potion of invisibility {unknown}
 t - 2 potions of enlightenment
 J - 2 potions of cancellation {unknown}
 K - a potion of experience {unknown}
 L - 3 potions of might
 P - a potion of degeneration {unknown}


   Skills:
 * Level 4.7 Fighting
 - Level 1.0 Short Blades
 * Level 7.6 Polearms
 + Level 1.2 Throwing
 * Level 4.3 Armour
 * Level 5.6 Dodging
 + Level 2.8 Stealth
 + Level 0.1 Shields
 + Level 0.7 Unarmed Combat
 * Level 8.4 Spellcasting
 * Level 4.0 Conjurations
 * Level 3.2 Summonings
 * Level 7.6 Ice Magic
 * Level 5.0 Alchemy
 * Level 3.2 Invocations
 * Level 4.5 Evocations


You had 9 spell levels left.
You knew the following spells:

 Your Spells              Type           Power      Damage    Failure   Level
a - Freeze                Ice            100%       1d10      1%          1
b - Frozen Ramparts       Ice            92%        1d14      1%          3
c - Ozocubu's Armour      Ice            46%        N/A       1%          3
d - Irradiate             Conj/Alch      16%        3d17      14%         5
e - Call Imp              Summ           50%        N/A       1%          2
f - Summon Ice Beast      Ice/Summ       36%        N/A       1%          3

Your spell library contained the following spells:

 Spells                   Type           Power      Damage    Failure   Level
 Sublimation of Blood     Necr           10%        N/A       5%          2
 Leda's Liquefaction      Alch/Erth      11%        N/A       12%         4
 Petrify                  Alch/Erth      22%        N/A       12%         4
 Metabolic Englaciation   Hex/Ice        14%        N/A       21%         5
 Summon Hydra             Summ           12%        N/A       99%         7


Dungeon Overview and Level Annotations

Branches:
Dungeon (9/15)             Temple (0/1) D:4            Lair (0/5) D:9
    Orc (2/2) D:9             Elf (0/3) Orc:2         Sewer (visited)
Ossuary (visited)

Altars:
Dithmenos
Makhleb
Qazlal
Ru
Trog
Xom
Yredelemnul

Shops:
D:1 [:(   D:2 =   D:3 :*[=

Annotations:
D:7 2 transporters


Innate Abilities, Weirdness & Mutations

You have a pair of small antennae on your head.
Your demonic aura often causes spilled blood to erupt in flames.
You are partially covered in sharp spines.
You have an extremely huge brain. (Int +4)


Message History

Confirm with . or Enter, or press ? or * to list all spells.
A film of ice covers your body! The troll misses you. The troll claws you. x2
The troll bites you! The troll misses you. The troll closely misses you.
Casting: Ozocubu's Armour (safe; 1% risk of failure)
Confirm with . or Enter, or press ? or * to list all spells.
Casting: Frozen Ramparts (safe; 1% risk of failure)
Press: ? - help, Dir - look around, f - activate A stone staircase leading up, spattered with blood.
There is a cloud of flame here.
The walls around you are covered in ice.
The wall freezes the troll.
The troll is struck by your spines. The troll bites you.
You block the troll's attack. The troll claws you but does no damage.
The wall freezes the troll!
The troll is struck by your spines. The troll bites you.
The troll barely misses you. The troll claws you.
Casting: Frozen Ramparts (safe; 1% risk of failure)
Confirm with . or Enter, or press ? or * to list all spells.
A tiny devil pulls itself out of the air.
Your cerulean imp says, "I truckle to your service, my magnificent and rosy-lipped gentledemonspawn!"
The wall freezes the troll.
The troll bites you! The troll misses you.
The troll claws you but does no damage.
The wall freezes the troll.
The troll bites you! The troll closely misses you.
The troll claws you but does no damage.
The wall freezes the troll.
The troll bites you!
* * * LOW HITPOINT WARNING * * *
The troll completely misses you. The troll claws you.
* * * LOW HITPOINT WARNING * * *
The wall freezes the troll.
The troll barely misses you. The troll claws you.
* * * LOW HITPOINT WARNING * * *
The troll claws you.
* * * LOW HITPOINT WARNING * * *
Your cerulean imp barely misses the troll.
The frozen ramparts melt away.
You climb upwards.
Your icy armour cracks and falls away as you move.
There is a stone staircase leading down here.
The troll attacks as it pursues you! The troll is struck by your spines.
The troll bites you!
* * * LOW HITPOINT WARNING * * *
The troll claws you!
You die...

##..###..#.^......##
####....######........#
##.#......######.)#.#^##
#..........#.##..°#####
#...............>....##
###....)#..........#....#
##.......##.....§T.##....#
#.<[..######....T.###....#
##...[..#.###.).@☼..###...#
.##.#.....#...#...........#
..##.[.......###..........#
...##........###..#......##
....###.......###.#.....##
...###......### ##.....##
.....##...### #...#.##
#.....#....# ##.#.##
#.#..##...## #####


You could see 2 trolls.

Vanquished Creatures
  Erolcha (D:9)
  4 two-headed ogres
  An orc high priest (Orc:1)
  An orc sorcerer (Orc:2)
  3 kobold blastminers (Orc:2)
  Maggie (D:9)
  Jeremiah (D:8)
  Psyche (D:9)
  7 trolls
  Sigmund (D:2)
  7 yaks (D:8)
  A wyvern (D:9)
  A wraith (D:9)
  Menkaure (Ossuary)
  An acid dragon (D:8)
  3 water moccasins
  7 orc warriors
  3 sky beasts
  An ice beast (D:5)
  2 ogres
  2 wolves (D:9)
  2 centaurs
  A phantom (D:5)
  8 kobold brigands
  A weeping skull (D:3)
  Blork the orc (D:4)
  A gnoll sergeant (D:8)
  2 scorpions (D:5)
  9 wights
  9 killer bees
  3 electric eels
  A howler monkey (D:5)
  11 hounds
  A jelly (D:6)
  4 bombardier beetles (D:5)
  6 orc priests
  2 sleepcaps
  4 iguanas
  15 orc wizards
  3 mummies (Ossuary)
  Robin (D:4)
  9 gnolls (D:3)
  4 adders
  A river rat (Sewer)
  2 dart slugs
  A ribbon worm (D:3)
  43 orcs
  4 endoplasms
  2 giant cockroaches (D:1)
  14 goblins
  10 hobgoblins
  A jackal (Sewer)
  3 quokkas
  7 ball pythons
  4 bats
  2 frilled lizards (D:2)
  4 gnoll skeletons (Ossuary)
  5 gnoll zombies (Ossuary)
  4 goblin skeletons (Ossuary)
  3 goblin zombies (Ossuary)
  5 hobgoblin skeletons (Ossuary)
  6 hobgoblin zombies (Ossuary)
  43 kobolds
  6 kobold skeletons (Ossuary)
  3 kobold zombies (Ossuary)
  An orc skeleton (Ossuary)
  4 orc zombies (Ossuary)
  7 rats
  5 rat skeletons (Ossuary)
  4 rat zombies (Ossuary)
  A spectral orc (D:3)
343 creatures vanquished.

Vanquished Creatures (collateral kills)
  An orc knight (Orc:2)
  A kobold blastminer (Orc:2)
  An orc warrior (Orc:2)
  An orc priest (Orc:1)
4 creatures vanquished.

Vanquished Creatures (others)
  An orc wizard (Orc:2)
1 creature vanquished.

Grand Total: 348 creatures vanquished

Notes
Turn   | Place    | Note
-------+----------+-------------------------------------------
     0 | D:1      | Jinxxer the Demonspawn Ice Elementalist began the quest for
                  | the Orb.
     0 | D:1      | Reached XP level 1. HP: 13/13 MP: 3/3
   216 | D:1      | Found a faded altar of an unknown god.
   265 | D:1      | Gained mutation: You have an unusually large brain. (Int
                  | +2) [demonic ancestry]
   265 | D:1      | Reached XP level 2. HP: 13/19 MP: 3/5
   298 | D:1      | Found Ziclam's Weapon Shoppe.
   311 | D:1      | Found Debues's Armour Shoppe.
   368 | D:1      | Found Luaric's Book Shop.
   647 | D:2      | Found Owaveeq's Jewellery Shoppe.
   826 | D:2      | Noticed Sigmund
   955 | D:2      | Killed Sigmund
   956 | D:2      | Reached skill level 1 in Short Blades
   956 | D:2      | Reached skill level 3 in Spellcasting
   956 | D:2      | Gained mutation: Your demonic aura sometimes causes spilled
                  | blood to erupt in flames. [demonic ancestry]
   956 | D:2      | Reached XP level 3. HP: 20/25 MP: 5/7
   956 | D:2      | Reached XP level 4. HP: 24/31 MP: 5/8
   956 | D:2      | Gained mutation: You have a pair of small antennae on your
                  | head. [demonic ancestry]
   956 | D:2      | Reached XP level 5. HP: 29/36 MP: 5/9
   969 | D:2      | Learned a level 3 spell: Frozen Ramparts
  1164 | D:2      | You fall into a shaft and drop 2 floors!
  1208 | D:4      | Found a staircase to the Ecumenical Temple.
  1218 | D:4      | Noticed Blork the orc
  1223 | D:4      | Killed Blork the orc
  1224 | D:4      | Reached skill level 1 in Fighting
  1228 | D:4      | Noticed Robin
  1248 | D:4      | Killed Robin
  1249 | D:4      | Reached XP level 6. HP: 35/43 MP: 4/11
  1324 | D:4      | Found a glowing drain.
  1360 | Sewer    | Entered a sewer
  1427 | Sewer    | Reached skill level 1 in Polearms
  1427 | Sewer    | Reached skill level 1 in Armour
  1894 | D:3      | Found Lyilloc's Assorted Antiques.
  1923 | D:3      | Found Sym Tiacla's Book Shop.
  1972 | D:3      | Learned a level 3 spell: Ozocubu's Armour
  2115 | D:3      | Reached skill level 5 in Ice Magic
  2115 | D:3      | Gained mutation: You have an extremely huge brain. (Int +4)
                  | [demonic ancestry]
  2115 | D:3      | Reached XP level 7. HP: 49/49 MP: 6/12
  2638 | D:3      | Reached skill level 4 in Spellcasting
  2829 | D:3      | Reached skill level 1 in Throwing
  2937 | D:3      | Found a basalt altar of Yredelemnul.
  2952 | D:3      | Gained mutation: Your demonic aura often causes spilled
                  | blood to erupt in flames. [demonic ancestry]
  2952 | D:3      | Reached XP level 8. HP: 40/56 MP: 5/14
  3102 | D:3      | Found Culou's Antique Armour Emporium.
  3171 | D:3      | Found Xevaoco's Jewellery Boutique.
  3889 | D:5      | Entered Level 5 of the Dungeon
  4310 | D:5      | Reached skill level 1 in Evocations
  4352 | D:5      | Reached skill level 5 in Spellcasting
  5170 | D:6      | Reached skill level 5 in Polearms
  5324 | D:6      | Learned a level 5 spell: Irradiate
  5519 | D:6      | Gained mutation: You are partially covered in sharp spines.
                  | [demonic ancestry]
  5519 | D:6      | Reached XP level 9. HP: 62/62 MP: 10/17
  6099 | D:7      | Found a transporter.
  6103 | D:7      | Identified the +7 spear "Tuiworer" {venom, rC- Str+9 Int+2
                  | Dex-4}
  6103 | D:7      | Identified the +0 ring mail of Eternity {rPois rC++}
  6154 | D:7      | Found a transporter.
  6320 | D:7      | Found a shimmering altar of Xom.
  6332 | D:7      | Reached skill level 1 in Conjurations
  6375 | D:7      | Found a sand-covered staircase.
  6379 | Ossuary  | Entered an ossuary
  6691 | Ossuary  | Noticed Menkaure
  6704 | Ossuary  | Killed Menkaure
  6786 | D:7      | Identified the +10 hand axe of Turmoil {antimagic, rC+
                  | Stlth+}
  7084 | D:8      | Found a stormy altar of Qazlal.
  7086 | D:8      | Noticed Jeremiah
  7098 | D:8      | Reached skill level 1 in Alchemy
  7109 | D:8      | Became a worshipper of Qazlal Stormbringer
  7136 | D:8      | Killed Jeremiah
  7137 | D:8      | Reached skill level 6 in Spellcasting
  7283 | D:8      | Reached XP level 10. HP: 43/69 MP: 14/19
  7767 | D:8      | Reached * piety under Qazlal
  8341 | D:8      | Noticed a two-headed ogre
  8346 | D:8      | Killed a two-headed ogre
  8534 | D:7      | Found a sacrificial altar of Ru.
  8534 | D:7      | Found a shadowy altar of Dithmenos.
  8534 | D:7      | Found a bloodstained altar of Trog.
  8671 | D:9      | Noticed a two-headed ogre
  8693 | D:9      | Killed a two-headed ogre
  8700 | D:9      | Noticed Maggie
  8707 | D:9      | Reached skill level 5 in Dodging
  8711 | D:9      | Killed Maggie
  8832 | D:9      | Reached skill level 7 in Spellcasting
  8973 | D:9      | Reached ** piety under Qazlal
  9290 | D:9      | Found a staircase to the Lair.
  9303 | D:9      | Reached XP level 11. HP: 73/77 MP: 16/22
  9353 | D:9      | Learned a level 2 spell: Call Imp
  9357 | D:9      | Learned a level 3 spell: Summon Ice Beast
  9406 | D:9      | Noticed Erolcha
  9491 | D:9      | Noticed Psyche
  9504 | D:9      | Killed Psyche
  9505 | D:9      | Reached skill level 1 in Summonings
  9559 | D:9      | Found a burning altar of Makhleb.
  9588 | D:9      | Found a staircase to the Orcish Mines.
  9653 | D:9      | Noticed a two-headed ogre
  9664 | D:9      | Killed a two-headed ogre
  9863 | D:9      | Killed Erolcha
  9973 | Orc:1    | Entered Level 1 of the Orcish Mines
  9978 | Orc:1    | Reached skill level 1 in Invocations
 10038 | Orc:1    | Noticed a two-headed ogre
 10050 | Orc:1    | Killed a two-headed ogre
 10472 | Orc:2    | Entered Level 2 of the Orcish Mines
 10494 | Orc:2    | Reached skill level 8 in Spellcasting
 10499 | Orc:2    | Noticed an orc high priest
 10663 | Orc:2    | Reached *** piety under Qazlal
 10876 | Orc:1    | Killed an orc high priest
 11335 | Orc:2    | Found a staircase to the Elven Halls.
 11453 | Orc:2    | Noticed an orc sorcerer
 11469 | Orc:2    | Killed an orc sorcerer
 11470 | Orc:2    | Reached skill level 5 in Alchemy
 11557 | Orc:2    | Noticed an orc knight
 11567 | Orc:2    | Killed an orc knight
 11639 | Orc:1    | Slain by a troll

Illustrated notes

Levels and vault maps discovered:
D:1:      saegor_arrival_miasma, layout_rooms,
          dilly_ecumenical_altar_fadedgnrine, serial_shops, shop, shop,
          nicolae_shop_hallway_plus
D:2:      layout_basic, serial_shops, shop, uniq_sigmund
D:3:      minmay_goblin_kobold_castle, layout_rooms,
          yredelemnul_forgotten_temple_becter, serial_shops,
          nicolae_shop_back_alley_shop, nicolae_shop_gibbet_a_chance, shop,
          nicolae_square_shop
D:4:      layout_loops_ring, minmay_temple_entry_mini_moons,
          cheibrodos_sewer_entry_sluice, uniq_robin, uniq_blork_the_orc
D:5:      layout_loops_corners
D:6:      layout_basic, kennysheep_mini_moat, kennysheep_another_room,
          kennysheep_donut, minmay_misc_feat_secret_circle, interstate_on_off
D:7:      wander_river, layout_loops_ring, mainiacjoe_overflow_brackets,
          nicolae_overflow_hidden_temple, gammafunk_ghost_gnarly_gnolls,
          enter_bailey_2, lightli_ossuary_entry_decrepit_ruins
D:8:      layout_loops_ring, lemuel_doored_altar, serial_glass, glass_columns_a,
          glass_columns_b, kennysheep_generic_room_16, uniq_jeremiah
D:9:      layout_big_octagon, mainiacjoe_overflow_tiny_flanked,
          erik_lair_island, orc_0_dummy, uniq_psyche, uniq_erolcha, uniq_maggie
Orc:1:    layout_diamond_mine
Orc:2:    grunt_orc_tribal_feast, layout_caves, guppyfry_library_mini,
          uniq_snorg

Skill      XL: |  1  2  3  4  5  6  7  8  9 10 11 |
---------------+----------------------------------+-----
Dodging        | 2 3 4 5 |  5.6
Ice Magic      | 4 5 6 7 |  7.6
Short Blades   | 1 |  1.0
Stealth        | 2 |  2.8
Spellcasting   | 3 4 5 6 7 8 |  8.4
Fighting       | 1 2 3 4 |  4.7
Polearms       | 2 3 5 6 7 |  7.6
Armour         | 1 2 3 4 |  4.3
Throwing       | 1 |  1.2
Evocations     | 1 2 3 4 |  4.5
Conjurations   | 2 3 4 |  4.0
Alchemy        | 2 4 5 |  5.0
Summonings     | 3 |  3.2
Invocations    | 3 |  3.2
Shields        | |  0.1
Unarmed Combat | |  0.7

Action                     |  1- 3 |  4- 6 |  7- 9 | 10-12 || total
---------------------------+-------+-------+-------+-------++-------
  Melee: Unarmed           |    21 |       |       |       ||    21
         Punch             |     1 |       |       |       ||     1
         Short sword       |    21 |       |       |       ||    21
         Halberd           |       |    55 |   318 |   187 ||   560
  Throw: Dart              |     8 |       |     8 |    19 ||    35
         Boomerang         |       |       |       |     5 ||     5
   Cast: Freeze            |    21 |       |     4 |     6 ||    31
         Frozen Ramparts   |       |    10 |    32 |    44 ||    86
         Ozocubu's Armour  |       |     3 |    22 |    35 ||    60
         Call Imp          |       |       |       |    19 ||    19
         Summon Ice Beast  |       |       |       |    15 ||    15
  Evoke: Wand              |       |       |       |     9 ||     9
    Use: Potion            |       |     2 |       |     6 ||     8
         Scroll            |       |       |       |     6 ||     6
   Stab: Sleeping          |       |     1 |    10 |       ||    11
         Distracted        |       |       |     1 |       ||     1
 Armour: Robe              |    29 |    45 |   131 |    76 ||   281
         Troll leather arm |       |       |       |   111 ||   111
  Dodge: Dodged            |    54 |    38 |   137 |   158 ||   387
         Repelled          |     1 |     1 |     5 |     5 ||    12
  Block: Other             |       |       |       |    18 ||    18
